 Dungeon Crawl Stone Soup version 0.27-a0-906-g0a00ce863d (webtiles) character file.

Game seed: 17524475372718099198

4 Murumi the Ducker (level 1, 0/22 HPs)
             Began as an Ogre Gladiator on Apr 7, 2021.
             Slain by a kobold
             ... wielding a +0 whip
              (2 damage)
             ... on level 1 of the Dungeon.
             The game lasted 00:00:52 (131 turns).

Murumi the Ducker (Ogre Gladiator)                   Turns: 131, Time: 00:00:53

Health: 0/22       AC:  3    Str: 17    XL:     1   Next: 70%
Magic:  1/1        EV: 10    Int:  9    God:
Gold:   13         SH:  0    Dex: 10    Spells: 0/0 levels left

rFire    . . .     SeeInvis .   a - +0 flail
rCold    . . .     Faith    .   (no shield)
rNeg     . . .     Spirit   .   b - +0 robe
rPois    .         Reflect  .   c - +0 hat
rElec    .         Harm     .   (no cloak)
rCorr    .         Rampage  .   (gloves unavailable)
Will     .....                  (boots unavailable)
Stlth    +.........             (no amulet)
HPRegen  0.07/turn              (no ring)
MPRegen  0.07/turn              (no ring)

@: no status effects
A: large, unfitting armour, tough skin 1
a: no special abilities


You were on level 1 of the Dungeon.
You visited 1 branch of the dungeon, and saw 1 of its levels.

You collected 13 gold pieces.

Inventory:

Hand Weapons
 a - a +0 flail (weapon)
Missiles
 d - 3 throwing nets (quivered)
Armour
 b - a +0 robe (worn)
 c - a +0 hat (worn)


   Skills:
 - Level 2.6 Fighting
 - Level 2.6 Maces & Flails
 - Level 2.0 Throwing
 - Level 2.6 Dodging
 + Level 1.0 Stealth


You couldn't memorise any spells.
You didn't know any spells.
Your spell library was empty.

Dungeon Overview and Level Annotations

Branches:
Dungeon (1/15)

Altars:


Innate Abilities, Weirdness & Mutations

You are too large for most types of armour.
You have tough skin. (AC +1)


Message History

The goblin hits you with a +0 club. x2
You hit the goblin.
The goblin is moderately wounded.
The goblin hits you with a +0 club. The bat closely misses you.
The bat closely misses you. The bat hits you but does no damage.
The bat misses you. The bat hits you. The bat hits you but does no damage.
The bat completely misses you. The bat hits you but does no damage. x2
The bat barely misses you. The bat hits you but does no damage.
You barely miss the bat. The bat hits you but does no damage. x2
You sock the bat!
You kill the bat!
You barely miss the goblin. The goblin closely misses you.
The goblin barely misses you.
You barely miss the goblin. The goblin hits you with a +0 club.
You hit the goblin but do no damage. The goblin hits you with a +0 club.
You are too injured to fight recklessly!
You are too injured to fight recklessly!
You are too injured to fight recklessly!
You barely miss the goblin. The goblin barely misses you.
You hit the goblin.
You kill the goblin!
The kobold closely misses you.
Your Stealth skill increases to level 1!
You closely miss the kobold. The kobold hits you with a +0 whip.
You barely miss the kobold. The kobold closely misses you.
You hit the kobold.
The kobold is moderately wounded.
The kobold hits you with a +0 whip.
* * * LOW HITPOINT WARNING * * *
You closely miss the kobold.
The kobold is moderately wounded.
The kobold hits you with a +0 whip.
* * * LOW HITPOINT WARNING * * *
The kobold hits you with a +0 whip.
You die...

##.......# #...#....[....#
#.....##+# #...†......##..
#........#### #..##†.#...#
#.###.##.#..# #..#...#...#
#.#.#.#..##.# #..#..##...#
#.#...#####.# #..#..##...#
#.##### #.# #..#.........
#.#.#.#####.###..........##
#...........@K......##.#...
#####.########...#..# .# ##
#.# #.......... #.#
#..##..##.## #.# ##...#.# #
#.# #.## .# #.# ... .# ...
#.# .#


You could see a kobold.

Vanquished Creatures
  3 bats (D:1)
  A goblin (D:1)
  A rat (D:1)
5 creatures vanquished.

Notes
Turn   | Place    | Note
-------+----------+-------------------------------------------
     0 | D:1      | Murumi the Ogre Gladiator began the quest for the Orb.
     0 | D:1      | Reached XP level 1. HP: 22/22 MP: 1/1
   128 | D:1      | Reached skill level 1 in Stealth
   131 | D:1      | Slain by a kobold

Illustrated notes

Levels and vault maps discovered:
D:1:      onia_arrival_mini_spirals, layout_loops_ring

Skill      XL: |  1 |
---------------+----+-----
Stealth        | 1 |  1.0
Fighting       | |  2.6
Maces & Flails | |  2.6
Throwing       | |  2.0
Dodging        | |  2.6

Action                   || total
-------------------------++-------
Melee: Flail             ||    26
Armor: Robe              ||    17
Dodge: Dodged            ||    21

Table legend: (Time is in decaauts)
 A = Elapsed time spent in this place.
 B = Non-inter-level travel time spent in this place.
 C = Inter-level travel time spent in this place.
 D = Time resting spent in this place.
 E = Time spent auto-exploring this place.
 F = Levels seen in this place.
 G = Mean time per level.
                   A        B        C        D        E       F      G
               +--------+--------+--------+--------+--------+-----+--------+
         Total |    138 |    138 |      0 |      0 |     85 |   1 |  138.0 |
       Dungeon |    138 |    138 |      0 |      0 |     85 |   1 |  138.0 |
               +--------+--------+--------+--------+--------+-----+--------+

Top non-repeatable levels by time:
     D:1: 138 daAuts
